 Dungeon Crawl Stone Soup version 0.17-a0-2101-g0c122e7 (webtiles) character file.

94681 brucemayne the Executioner (level 15, -4/138 HPs)
             Began as a Deep Dwarf Monk on Oct 18, 2015.
             Was an Elder of Trog.
             Slain by a merfolk
             ... wielding a +0 trident
              (5 damage)
             ... on level 2 of the Shoals.
             The game lasted 01:23:37 (10821 turns).

brucemayne the Executioner (Deep Dwarf Monk)       Turns: 10821, Time: 01:23:37

Health: -4/138     AC: 28    Str: 21      XL:     15   Next: 27%
Magic:  12/12      EV:  7    Int:  8 (11) God:    Trog [****..]
Gold:   896        SH: 12    Dex: 15      Spells: 0 memorised, 14 levels left

rFire  + + +     SeeInvis .     e - +1 war axe (venom)
rCold  + . .     Clarity  .     i - +2 plate armour {rF+}
rNeg   + . .     SustAt   .     Q - +1 shield {reflect}
rPois  +         Gourm    .     (no helmet)
rElec  +         Spirit   .     G - +0 cloak {+Inv}
rCorr  +         Warding  .     D - +2 pair of gloves {rF+}
rMut   +         Stasis   .     l - +1 pair of boots
MR     ++++.                    I - amulet of resist mutation
Stlth  ..........               H - ring of poison resistance
                                a - +5 ring of protection

@: lethally poisoned (-4 -> -7), exhausted, resistant, mesmerised,
non-regenerating, slowed, very slow, incredibly resistant to hostile
enchantments, extremely unstealthy
A: damage resistance, recharge devices, negative energy resistance 1, sense
surroundings 2, slow regeneration 3
a: Device Recharging, Burn Spellbooks, Berserk, Trog's Hand, Brothers in Arms,
Renounce Religion, Evoke Invisibility
}: 1/15 runes: gossamer


You were on level 2 of the Shoals.
You worshipped Trog.
Trog was greatly pleased with you.
You were very hungry.

You visited 5 branches of the dungeon, and saw 31 of its levels.
You also visited: Labyrinth, Ossuary and Volcano.

You collected 1898 gold pieces.
You spent 1002 gold pieces at shops.

Inventory:

Hand Weapons
 e - a +1 war axe of venom (weapon)
 q - a +0 blowgun
 E - a +2 war axe of flaming
Missiles
 s - 7 tomahawks of returning (quivered)
 t - 5 curare-tipped needles
 K - 6 needles of confusion
Armour
 i - a +2 plate armour of fire resistance (worn)
 l - a +1 pair of boots (worn)
 D - a +2 pair of gloves of fire resistance (worn)
 G - a +0 cloak of invisibility (worn)
 Q - a +1 shield of reflection (worn)
Jewellery
 a - a +5 ring of protection (left hand)
 k - an uncursed ring of positive energy
 A - an uncursed ring of magical power
 H - a ring of poison resistance (right hand)
 I - an amulet of resist mutation (around neck)
 X - an uncursed amulet of stasis
Wands
 b - a wand of heal wounds (0)
 y - a wand of digging (3)
 J - a wand of paralysis (15)
 P - a wand of disintegration (5)
 R - a wand of lightning (8)
Scrolls
 g - 2 scrolls of enchant weapon
 n - 2 scrolls of remove curse
 o - a scroll of magic mapping
 B - 2 scrolls of enchant armour
 N - a scroll of teleportation
 T - 3 scrolls of vulnerability
 U - a scroll of blinking
Potions
 d - a potion of resistance
 f - 2 potions of flight
 m - 3 potions of brilliance
 r - 2 potions of berserk rage
 u - 2 potions of might
 L - 3 potions of ambrosia
 M - a potion of agility
 V - a potion of haste {unknown}
 Z - a potion of poison {unknown}
Comestibles
 c - 4 bread rations
 x - 3 meat rations
 O - a royal jelly


   Skills:
 + Level 10.2 Fighting
 - Level 22.1 Axes
 - Level 10.0 Armour
 - Level 3.2 Dodging
 - Level 2.4 Stealth
 + Level 7.9 Shields
 - Level 3.9 Unarmed Combat


You had 14 spell levels left.
You didn't know any spells.

Dungeon Overview and Level Annotations

Branches:
Dungeon (12/15)              Lair (8/8) D:8          Shoals (3/4) Lair:3
 Spider (4/4) Lair:3        Slime (0/6) Lair:7          Orc (4/4) D:11
    Elf (0/3) Orc:4
 Temple: D:4-7

Altars:
Cheibriados
Dithmenos
Kikubaaqudgha
Nemelex Xobeh
Trog
Vehumet
Beogh
Jiyva

Shops:
D:7 (   D:11 %?(   Orc:3 (   Orc:4 (=*=

Annotations:
D:11 Sonja
Lair:1 Protee's ghost, novice DsTm
Orc:1 derrpe's ghost, journeyman HEAE


Innate Abilities, Weirdness & Mutations

You are resistant to damage.
You can recharge devices by infusing magical energy.
You resist negative energy.
You passively map the area around you.
You do not regenerate naturally.


Message History

Evoke which item? (* to show all) (? for menu, Esc to quit)
Okay, then.
Drink which item? (? for menu, Esc to quit)
Okay, then.
Drink which item? (? for menu, Esc to quit)
You feel protected.
* * * LOW HITPOINT WARNING * * *
You feel very sick. You block the sea snake's attack.
The merfolk avatar chants its luring song.
You block the sea snake's attack. You block the merfolk's attack.
Unknown command.
Your unstable footing causes you to fumble your attack.
* * * LOW HITPOINT WARNING * * *
You feel very sick. The sea snake bites you.
* * * LOW HITPOINT WARNING * * *
The merfolk avatar chants its luring song.
The merfolk hits you from afar with a trident!
You die...

, ≈ * , ≈ ≈
≈≈≈≈≈≈≈≈.####.≈≈≈≈≈≈≈ ≈≈ ≈
≈≈≈≈≈≈.......≈≈≈≈≈≈≈ ≈ ≈
≈≈≈≈≈≈≈≈≈≈....).≈≈.≈≈≈≈≈≈≈≈≈
≈≈ ≈≈≈≈≈≈≈≈≈≈≈(# ...≈..≈≈≈≈
≈≈≈≈≈..≈.≈≈.###...≈≈≈≈≈≈
≈≈≈≈≈.............≈≈≈..≈≈≈ *
≈≈≈≈≈≈≈......)..≈≈≈≈....
≈≈≈≈≈......†..m≈@m≈≈...., *
, ≈≈≈≈≈≈...≈.....≈S≈≈≈.### *
** .≈≈...≈....†...≈..≈≈.# **
........^.(......≈≈≈≈#
.>.##.....##.....≈≈≈..#
#..###....#≈≈...$≈≈≈..# *
≈).# #.....≈≈≈....≈≈≈... , ≈
≈..#...≈..≈≈.....≈≈≈≈≈≈≈ ≈
≈####..≈≈≈.......≈≈≈≈≈≈ ≈ ≈


You could see a merfolk avatar, a sea snake and a merfolk.

Vanquished Creatures
  2 ghost moths (Spider:4)
  3 emperor scorpions (Spider:4)
  Nessos (Lair:5)
  A minotaur (Lab)
  Josephine (Orc:2)
  2 merfolk impalers (Shoals:2)
  An entropy weaver (Spider:4)
  Harold (Orc:1)
  4 hydras
  A catoblepas (Lair:8)
  3 death yaks (Lair:8)
  A deep troll shaman (Lair:8)
  The ghost of Armakuni the Purifying Human, a novice HuMo of Elyvilon (Lair:1)
  3 orc high priests
  Nergalle (Orc:1)
  A sea snake (Shoals:2)
  2 hill giants
  7 orb spiders
  7 orc sorcerers
  An ugly thing (D:12)
  A moth of wrath (Spider:3)
  4 orc knights
  3 griffons (Shoals:2)
  A cyclops (D:10)
  14 wolf spiders
  3 black mambas
  14 elephants
  A siren (Shoals:1)
  3 hornets
  Maurice (D:8)
  2 manticores
  Joseph (D:8)
  A kobold demonologist (D:9)
  2 demonic crawlers
  7 spiny frogs
  A fire drake (Lair:1)
  2 komodo dragons
  4 trolls
  A wind drake (Shoals:1)
  The ghost of Armakuni the Shield-Bearer, an amateur DrSk of Okawaru (D:4)
  2 polar bears (Lair:8)
  A two-headed ogre (D:11)
  12 blink frogs
  2 merfolk
  6 jumping spiders
  A boulder beetle (Lair:8)
  A snapping turtle (Shoals:1)
  16 tarantellas
  17 redbacks
  A flying skull (Volcano)
  5 wyverns (Lair:4)
  9 trapdoor spiders
  14 yaks
  3 basilisks
  3 wraiths (Orc:2)
  A vampire (Volcano)
  14 wolves (Lair:8)
  A hungry ghost (D:9)
  9 hippogriffs
  5 wargs
  13 water moccasins
  5 porcupines
  Duvessa (D:7)
  3 black bears
  2 ice beasts
  A sky beast (D:8)
  23 spiders
  3 phantoms
  A wasp (D:11)
  27 orc warriors
  2 eyes of draining
  5 ogres
  7 centaurs
  A necrophage (D:8)
  5 giant frogs
  11 crocodiles
  A big kobold (D:9)
  Dowan (D:7)
  3 water moccasin zombies (Ossuary)
  A scorpion (D:10)
  An electric eel (D:10)
  2 crimson imps
  A jelly (D:10)
  28 orc priests
  A giant frog skeleton (D:8)
  47 orc wizards
  8 iguanas
  3 hounds
  2 worker ants
  7 hell rats (Lair:6)
  4 sheep (Lair:7)
  A hound zombie (D:10)
  A hound skeleton (D:4)
  6 mummies
  33 river rats
  5 adders
  7 adder zombies (Ossuary)
  160 orcs
  A bat (D:3)
  A giant cockroach (D:6)
  A gnoll zombie (Ossuary)
  A jackal (D:7)
  A quokka (D:10)
  2 giant geckos
  A giant newt (D:2)
  2 goblins (D:1)
  4 hobgoblin zombies (Ossuary)
  21 kobolds
  6 kobold zombies (Ossuary)
  2 orc zombies (Ossuary)
  A rat (D:2)
  4 fungi
  7 plants
722 creatures vanquished.

Vanquished Creatures (others)
  An orc wizard (Orc:4)
  4 fungi
  3 plants (Lair:7)
8 creatures vanquished.

Grand Total: 730 creatures vanquished

Notes
Turn   | Place    | Note
--------------------------------------------------------------
     0 | D:1      | brucemayne the Deep Dwarf Monk began the quest for the Orb.
     0 | D:1      | Reached XP level 1. HP: 20/20 MP: 1/1
    59 | D:2      | Found a radiant altar of Vehumet.
   197 | D:4      | Reached skill level 1 in Axes
   197 | D:4      | Reached XP level 2. HP: 17/27 MP: 2/2
   210 | D:4      | Noticed Armakuni's ghost (amateur DrSk)
   214 | D:4      | Noticed an orc wizard
   214 | D:4      | Noticed an orc priest
   220 | D:5      | Entered Level 5 of the Dungeon
   226 | D:5      | Found a bloodstained altar of Trog.
   248 | D:5      | Became a worshipper of Trog the Wrathful
   248 | D:5      | Reached * piety under Trog
   248 | D:5      | Reached ** piety under Trog
   266 | D:4      | Killed an orc priest
   266 | D:4      | Reached XP level 3. HP: 30/33 MP: 3/3
   269 | D:4      | Killed an orc wizard
   269 | D:4      | Reached XP level 4. HP: 36/40 MP: 4/4
   280 | D:4      | Killed Armakuni's ghost
   280 | D:4      | Reached skill level 6 in Axes
   280 | D:4      | Reached XP level 5. HP: 23/46 MP: 5/5
   280 | D:4      | Reached XP level 6. HP: 27/55 MP: 6/6
   337 | D:7      | Found Zipomaqo's Antique Weapon Emporium.
   364 | D:7      | Found a sand-covered staircase.
   428 | Ossuary  | Entered an ossuary
   600 | Ossuary  | Reached skill level 7 in Axes
   655 | Ossuary  | Reached XP level 7. HP: 39/61 MP: 7/7
   726 | D:7      | Noticed Duvessa
   727 | D:7      | Noticed Dowan
   738 | D:7      | Killed Duvessa
   738 | D:7      | Reached skill level 8 in Axes
   744 | D:7      | Killed Dowan
   774 | D:7      | Found an ancient bone altar of Kikubaaqudgha.
   829 | D:7      | Found a sparkling altar of Nemelex Xobeh.
   830 | D:7      | Found a shadowy altar of Dithmenos.
   860 | D:7      | Reached skill level 9 in Axes
   971 | D:9      | Reached XP level 8. HP: 43/68 MP: 8/8
  1081 | D:9      | Reached skill level 10 in Axes
  1293 | D:9      | Noticed a kobold demonologist
  1305 | D:9      | Killed a kobold demonologist
  1305 | D:9      | Reached skill level 11 in Axes
  1453 | D:9      | Reached skill level 12 in Axes
  1468 | D:9      | Reached skill level 1 in Armour
  1501 | D:10     | Entered Level 10 of the Dungeon
  1545 | D:10     | Gained mutation: You passively map the area around you. [Deep Dwarf growth]
  1545 | D:10     | Reached XP level 9. HP: 26/74 MP: 9/9
  1553 | D:10     | Noticed a cyclops
  1563 | D:10     | Reached *** piety under Trog
  1568 | D:10     | Killed a cyclops
  1568 | D:10     | Reached skill level 5 in Armour
  1688 | D:11     | Found a snail-covered altar of Cheibriados.
  1688 | D:11     | Noticed Sonja
  1742 | D:10     | Noticed a troll
  1807 | D:11     | Found Qann's Food Emporium.
  1862 | D:12     | Noticed a brown ugly thing
  1866 | D:11     | Found a staircase to the Orcish Mines.
  1921 | D:11     | Reached skill level 13 in Axes
  1957 | D:11     | Found Pukkith's Weapon Emporium.
  2116 | D:12     | Found a labyrinth entrance.
  2129 | D:12     | Reached XP level 10. HP: 83/87 MP: 8/8
  2160 | Lab      | Entered a labyrinth
  2251 | Lab      | Noticed a minotaur
  2288 | Lab      | Killed a minotaur
  2288 | Lab      | Reached skill level 5 in Fighting
  2342 | Lab      | Identified Lehudib's Papyrus of Stones and Damage Dealing
  2382 | D:12     | Noticed a hill giant
  2430 | D:12     | Killed a hill giant
  2430 | D:12     | Reached skill level 14 in Axes
  2446 | D:12     | Noticed a white ugly thing
  2482 | D:12     | Killed a white ugly thing
  2602 | Orc:1    | Entered Level 1 of the Orcish Mines
  2710 | Orc:2    | Noticed Nergalle
  2710 | Orc:2    | Noticed an orc knight
  2757 | Orc:1    | Noticed an orc knight
  2759 | Orc:1    | Noticed Harold
  2819 | D:11     | Killed an orc knight
  2943 | D:11     | Found Feney's Magic Scroll Emporium.
  3015 | Orc:1    | Reached skill level 15 in Axes
  3126 | Orc:1    | Killed Harold
  3126 | Orc:1    | Reached XP level 11. HP: 83/99 MP: 9/9
  3204 | Orc:1    | Found a roughly hewn altar of Beogh.
  3346 | Orc:1    | Killed Nergalle
  3394 | Orc:2    | Noticed an orc knight
  3410 | Orc:1    | Killed an orc knight
  3490 | Orc:2    | Reached **** piety under Trog
  3567 | Orc:2    | Killed an orc knight
  3567 | Orc:2    | Reached skill level 16 in Axes
  3601 | Orc:2    | Noticed Josephine
  3616 | Orc:2    | Killed Josephine
  3684 | Orc:1    | Noticed derrpe's ghost (journeyman HEAE)
  3760 | Orc:2    | Found a roughly hewn altar of Beogh.
  3760 | Orc:2    | Noticed an orc high priest
  3770 | Orc:2    | Killed an orc high priest
  3838 | Orc:3    | Noticed an orc high priest
  3858 | Orc:3    | Reached skill level 17 in Axes
  3865 | Orc:3    | Killed an orc high priest
  3897 | Orc:3    | Found Xont's Weapon Emporium.
  3927 | Orc:4    | Entered Level 4 of the Orcish Mines
  4118 | Orc:4    | Found a staircase to the Elven Halls.
  4145 | Orc:4    | HP: 2/100 [orc warrior/tomahawk (7)]
  4246 | Orc:4    | Reached XP level 12. HP: 38/109 MP: 10/10
  4548 | Orc:4    | Noticed an orc high priest
  4556 | Orc:4    | Killed an orc high priest
  4576 | Orc:4    | Found Ydel's Assorted Antiques.
  4576 | Orc:4    | Found Mies's Jewellery Shop.
  4576 | Orc:4    | Found Age Hong's Jewellery Boutique.
  4594 | Orc:4    | Reached skill level 18 in Axes
  4668 | Orc:4    | Found Kychotaa's Antique Weapon Boutique.
  4694 | Orc:4    | Bought a runed cloak for 135 gold pieces
  4717 | Orc:4    | Bought an uncursed ring of poison resistance for 240 gold pieces
  4718 | Orc:4    | Bought an uncursed amulet of resist mutation for 480 gold pieces
  4788 | Orc:4    | Reached ***** piety under Trog
  5259 | Orc:4    | Bought 3 scrolls labeled DIFFUUT LOCZA for 90 gold pieces
  5260 | Orc:4    | Bought a fizzy white potion for 27 gold pieces
  5260 | Orc:4    | Bought a scroll labeled GUUROT WEIGE for 30 gold pieces
  5378 | D:10     | Killed a troll
  5401 | D:10     | Noticed a hill giant
  5413 | D:10     | Killed a hill giant
  5591 | D:8      | Received a gift from Trog
  5847 | D:8      | Noticed Maurice
  5876 | D:8      | Noticed Joseph
  5892 | D:8      | Killed Joseph
  6018 | D:8      | Found a staircase to the Lair.
  6058 | D:8      | Killed Maurice
  6063 | Lair:1   | Entered Level 1 of the Lair of Beasts
  6121 | Lair:1   | Noticed Protee's ghost (novice DsTm)
  6123 | Lair:1   | Noticed Armakuni's ghost (novice HuMo)
  6210 | Lair:1   | Killed Armakuni's ghost
  6210 | Lair:1   | Reached skill level 19 in Axes
  6342 | Lair:2   | Noticed a five-headed hydra
  6487 | Lair:1   | You fall through a shaft!
  6561 | Lair:3   | Found a hole to the Spider Nest.
  6761 | Lair:4   | Reached XP level 13. HP: 45/115 MP: 11/11
  6828 | Lair:4   | Noticed an eight-headed hydra
  6851 | Lair:4   | Killed a five-headed hydra
  7071 | Lair:5   | Found a dark tunnel.
  7077 | Volcano  | Entered a volcano
  7337 | Lair:5   | Noticed Nessos
  7391 | Lair:5   | Killed Nessos
  7440 | Lair:5   | Reached skill level 20 in Axes
  7448 | Lair:5   | Received a gift from Trog
  7699 | Lair:6   | Identified a scroll of acquirement
  7841 | Lair:8   | Entered Level 8 of the Lair of Beasts
  7960 | Lair:7   | Received a gift from Trog
  8215 | Lair:7   | Found a viscous altar of Jiyva.
  8216 | Lair:7   | Found a staircase to the Slime Pits.
  8273 | Lair:8   | Reached skill level 10 in Armour
  8422 | Lair:8   | Reached skill level 21 in Axes
  8422 | Lair:8   | Gained mutation: You resist negative energy. [Deep Dwarf growth]
  8422 | Lair:8   | Reached XP level 14. HP: 65/126 MP: 12/12
  9059 | Spider:1 | Entered Level 1 of the Spider Nest
  9072 | Spider:1 | Reached skill level 1 in Shields
  9302 | Spider:4 | Entered Level 4 of the Spider Nest
  9508 | Spider:4 | Reached skill level 5 in Shields
  9890 | Spider:4 | Noticed an emperor scorpion
  9917 | Spider:4 | Noticed an emperor scorpion
  9954 | Spider:4 | Noticed an emperor scorpion
  9958 | Spider:4 | Killed an emperor scorpion
  9972 | Spider:4 | Killed an emperor scorpion
 10008 | Spider:4 | Killed an emperor scorpion
 10155 | Spider:4 | Killed a ghost moth
 10155 | Spider:4 | Reached skill level 22 in Axes
 10155 | Spider:4 | Reached XP level 15. HP: 61/136 MP: 0/12
 10195 | Spider:4 | Killed a ghost moth
 10230 | Spider:4 | Got a gossamer rune of Zot
 10403 | Lair:3   | Found a staircase to the Shoals.
 10497 | Shoals:1 | Entered Level 1 of the Shoals
 10731 | Shoals:2 | Reached skill level 10 in Fighting
 10819 | Shoals:2 | HP: 6/138 [sea snake (6)]
 10821 | Shoals:2 | HP: 1/138 [sea snake (2)]
 10821 | Shoals:2 | Slain by a merfolk

Vault maps used:
D:1:      saegor_arrival_miasma
D:2:      vehumet_crystals, lemuel_crystal_altar, ecumenical_altar_1,
          first_bread
D:3:      ashenzari_altar_1, lemuel_blue_sif_altar
D:4:      minmay_box_of_dots, uniq_natasha
D:5:      kennysheep_big_flooded_room, bloody_trog
D:6:      slow_altar_2, lemuel_round_altar, minmay_temple_entry_purple_smoke,
          portal_sewer_entry_e
D:7:      lemuel_round_altar, lemuel_doored_altar,
          amethyst_overflow_temple_binary, serial_shops, shop,
          gup_ossuary_entry_pyramid, the_bakery, grunt_decor_arrowhead,
          uniq_duvessa
D:8:      lair_0_dummy, uniq_joseph, uniq_maurice
D:9:      kennysheep_kobold_camp
D:10:     lightli_minifort
D:11:     orc_0_dummy, serial_shops, kennysheep_mini, nicolae_shop_waterfront,
          shop, nicolae_shop_statue_plus, kennysheep_mini_moat, basic_altar,
          uniq_sonja
D:12:     lab_entry_generic
Lair:1:   serial_bayou_shore_b, lemuel_fruit_fields, grunt_megastairs_3,
          serial_bayou_shore_b
Lair:2:   portal_ice_cave_entry_pillars_02, infiniplex_staircase_pool,
          lemuel_fruit_tree, serial_bayou_shore_b, serial_bayou_shore_a
Lair:3:   minmay_shoals_entry_centaurs, spider_nest_entry_a,
          nicolae_quartered_pool_little, hangedman_lair_generics_rect
Lair:4:   beast_lair_carwin_1
Lair:5:   enter_volcano_1, bh_autumn_forest_stairs, uniq_nessos
Lair:6:   st_stairs_9
Lair:7:   slime_altar_1, small_statue_intersection
Lair:8:   grunt_lair_end_beastmaster
Shoals:3: nicolae_shoals_siren_and_animal_friends
Spider:2: nicolae_spider_webbed_stairs
Spider:3: spider_trap, nicolae_spider_nook, uniq_jorgrun
Spider:4: grunt_spider_rune_parallel
Orc:1:    nicolae_orc_accident_2, uniq_harold
Orc:2:    kennysheep_orc_chapel, uniq_nergalle, uniq_josephine
Orc:3:    lemuel_ogre_cave, serial_shops, nicolae_shop_trees,
          nicolae_orc_pool_cavern, uniq_urug
Orc:4:    st_orc_mages, minmay_orc_keep
Lab:      nicolae_lab_dead_adventurers
Ossuary:  ossuary_tomb_2
Volcano:  volcano_tomb

Action                   |  1- 3 |  4- 6 |  7- 9 | 10-12 | 13-15 || total
-------------------------+-------+-------+-------+-------+-------++-------
Melee: Unarmed           |    26 |       |       |       |       ||    26
       Hand axe          |    19 |   181 |   372 |   159 |       ||   731
       Battleaxe         |       |       |       |   782 |       ||   782
       War axe           |       |       |       |    36 |  1105 ||  1141
 Fire: Blowgun           |       |       |     7 |    33 |     4 ||    44
Invok: Berserk           |     1 |     1 |     9 |    25 |     2 ||    38
       Trog's Hand       |     1 |     1 |     9 |    50 |    42 ||   103
       Brothers in Arms  |       |       |       |       |     2 ||     2
 Abil: Device Recharging |       |       |     2 |       |     1 ||     3
Evoke: Wand              |       |     3 |     4 |    11 |    28 ||    46
  Use: Scroll            |     1 |       |     9 |    15 |    13 ||    38
       Potion            |       |       |     3 |     5 |    11 ||    19
 Stab: Sleeping          |     3 |       |     1 |       |       ||     4
  Eat: Bread ration      |       |       |     1 |       |       ||     1
       Chunk             |       |       |     9 |    41 |    17 ||    67
       Fruit             |       |       |     5 |    10 |     1 ||    16
       Beef jerky        |       |       |       |     1 |       ||     1
       Meat ration       |       |       |       |       |     1 ||     1
